[Event "Titled Tuesday Blitz May 9 Early 2023"]
[White "Tang, Andrew"]
[Black "Fernandez Guillen, Ernesto J."]
[WhiteFideId "2059630"]
[BlackFideId "3512428"]
[WhiteElo "2596"]
[BlackElo "2429"]
[Result "0-1"]
[Round "08"]
[TimeControl "180+2"]
[Date "2023.05.09"]
[WhiteClock "0:00:00"]
[BlackClock "0:00:23"]

1. d4 Nf6 2. c4 e6 3. Nc3 Bb4 4. Qc2 c5 5. dxc5 Na6 6. a3 Bxc3+ 7. Qxc3 Nxc5 8. b4 Nce4 9. Qb2 d5 10. c5 d4 11. f3 Nc3 12. Bd2 Na4 13. Qb3 Bd7 14. Rc1 b5 15. c6 Bc8 16. e3 a6 17. Bd3 dxe3 18. Bxe3 Nd5 19. Bd2 O-O 20. Ne2 Nab6 21. O-O e5 22. Rfd1 Be6 23. Qc2 h6 24. Ng3 Rc8 25. Ne4 Qe7 26. Re1 Rfd8 27. Nc5 Rxc6 28. Rxe5 Qf6 29. Rce1 Nd7 30. Nxd7 Bxd7 31. Qd1 Be6 32. Bb1 Nf4 33. R5e4 Rcd6 34. Rxf4 Qxf4 35. Bxf4 Rxd1 36. Kf2 Rxe1 37. Kxe1 f6 38. Be4 Bd5 39. Bf5 Kf7 40. Bc7 Re8+ 41. Kf2 g6 42. Bd3 f5 43. Bd6 Bc4 44. Bc2 Re2+ 0-1


[Site "https://www.chess.com"]

[Event "Titled Tuesday Blitz May 9 Early 2023"]
[White "Maghsoodloo, Parham"]
[Black "Csonka, Balazs"]
[WhiteFideId "12539929"]
[BlackFideId "742910"]
[WhiteElo "2655"]
[BlackElo "2404"]
[Result "1-0"]
[Round "08"]
[TimeControl "180+2"]
[Date "2023.05.09"]
[WhiteClock "0:01:13"]
[BlackClock "0:00:01"]

1. d4 Nf6 2. c4 g6 3. Nc3 d5 4. cxd5 Nxd5 5. e4 Nxc3 6. bxc3 Bg7 7. Be3 c5 8. Rc1 Qa5 9. Qd2 cxd4 10. cxd4 Qxd2+ 11. Bxd2 O-O 12. Nf3 Bg4 13. Ne5 Be6 14. f4 Rc8 15. Rxc8+ Bxc8 16. Bc4 e6 17. Ke2 Nd7 18. Bb4 Nxe5 19. fxe5 Bd7 20. Bd6 b5 21. Bd3 Rc8 22. Rb1 a6 23. a4 Bf8 24. axb5 axb5 25. Ra1 b4 26. Ra7 Bc6 27. Ra6 Be8 28. Rb6 Ra8 29. Rxb4 Ra2+ 30. Ke3 Ra8 31. Bc4 Ra3+ 32. Ke2 Ra8 33. h4 h5 34. d5 Bd7 35. Rb7 Bc8 36. Rc7 Bh6 37. Kf3 Bf8 38. Bxf8 Kxf8 39. d6 Ke8 40. Bb5+ Kf8 41. Kf4 Rb8 42. Kg5 Rxb5 43. Rxc8+ Kg7 44. d7 f6+ 45. Kf4 fxe5+ 46. Kg3 1-0


[Site "https://www.chess.com"]

[Event "Titled Tuesday Blitz May 9 Early 2023"]
[White "Kvaloy, Aksel Bu"]
[Black "Ter-Sahakyan, Samvel"]
[WhiteFideId "1528815"]
[BlackFideId "13302531"]
[WhiteElo "2242"]
[BlackElo "2545"]
[Result "0-1"]
[Round "08"]
[TimeControl "180+2"]
[Date "2023.05.09"]
[WhiteClock "0:01:37"]
[BlackClock "0:01:02"]

1. e4 c5 2. Nf3 e6 3. d4 cxd4 4. Nxd4 Nf6 5. Nc3 Nc6 6. Ndb5 Bc5 7. Bf4 O-O 8. Bc7 Qe7 9. Bd6 Bxd6 10. Qxd6 Qd8 11. Nc7 Rb8 12. Be2 a6 13. e5 Ne8 14. Nxe8 Rxe8 15. Bf3 b5 16. O-O Rb6 17. Ne4 Na5 18. Qd4 Nc6 19. Qd6 Ne7 20. Qd2 Ng6 21. Nd6 Nxe5 22. Nxe8 Nxf3+ 23. gxf3 Qxe8 24. Qd4 Rc6 25. c3 e5 26. Qd3 Bb7 27. Rad1 Rg6+ 28. Kh1 Qa8 29. h4 Bxf3+ 30. Kh2 Bxd1 31. Kh3 Qg2# 0-1


[Site "https://www.chess.com"]

[Event "Titled Tuesday Blitz May 9 Early 2023"]
[White "Rozman, Levy"]
[Black "Shimanov, Aleksandr"]
[WhiteFideId "2039877"]
[BlackFideId "4198603"]
[WhiteElo "2376"]
[BlackElo "2631"]
[Result "0-1"]
[Round "08"]
[TimeControl "180+2"]
[Date "2023.05.09"]
[WhiteClock "0:00:02"]
[BlackClock "0:00:21"]

1. e4 e6 2. c4 c5 3. Nf3 Nc6 4. Be2 Nf6 5. Nc3 Qc7 6. O-O a6 7. h3 Bd6 8. b3 Nd4 9. Bb2 O-O 10. Bd3 Nxf3+ 11. Qxf3 Be5 12. Qe2 b6 13. f4 Bxf4 14. Rxf4 Qxf4 15. Rf1 Qh4 16. e5 Nh5 17. Qe4 Qxe4 18. Nxe4 Bb7 19. Nd6 Bc6 20. g4 Ng3 21. Rf2 h5 22. Kh2 h4 23. a4 b5 24. cxb5 axb5 25. Nxb5 Rfb8 26. g5 g6 27. Rf4 Bd5 28. Rxh4 Nf5 29. Bxf5 gxf5 30. Ba3 Bxb3 31. Bxc5 Rxa4 32. Rxa4 Bxa4 33. Nc3 Bc6 34. Kg3 Rb2 35. Be3 Rb4 36. Ne2 Re4 37. Bf4 Rxe2 0-1


[Site "https://www.chess.com"]

[Event "Titled Tuesday Blitz May 9 Early 2023"]
[White "Chigaev, Maksim"]
[Black "Rakotomaharo, Fy Antenaina"]
[WhiteFideId "4108116"]
[BlackFideId "13100050"]
[WhiteElo "2558"]
[BlackElo "2427"]
[Result "1/2-1/2"]
[Round "08"]
[TimeControl "180+2"]
[Date "2023.05.09"]
[WhiteClock "0:00:23"]
[BlackClock "0:00:07"]

1. Nf3 Nf6 2. c4 c5 3. b3 g6 4. Bb2 Bg7 5. g3 b6 6. Bg2 Bb7 7. O-O O-O 8. d4 cxd4 9. Qxd4 d6 10. Nc3 Nbd7 11. Rac1 Rc8 12. Rfd1 a6 13. Ne1 Bxg2 14. Nxg2 Qc7 15. Ne3 Qb7 16. Ned5 Rfe8 17. Nxf6+ Nxf6 18. Qd2 b5 19. cxb5 axb5 20. Qd3 b4 21. Na4 Rxc1 22. Rxc1 Rc8 23. Rc4 h5 24. Qf3 Qa6 25. Bxf6 Rxc4 26. bxc4 Qxa4 27. Bxg7 Kxg7 28. Qb3 Qxb3 29. axb3 Kf6 30. f3 Ke5 31. e3 g5 32. h4 gxh4 33. gxh4 f5 34. Kf2 f4 35. Ke2 fxe3 36. Kxe3 Kf5 37. Kd4 e6 38. c5 dxc5+ 39. Kxc5 Kf4 40. Kxb4 Kxf3 41. Kc3 e5 42. Kd2 Kf2 43. Kd3 Kf3 44. Kd2 Kf2 45. Kd3 Kf3 46. Kd2 1/2-1/2


[Site "https://www.chess.com"]

[Event "Titled Tuesday Blitz May 9 Early 2023"]
[White "Harshavardhan G B"]
[Black "Demchenko, Anton"]
[WhiteFideId "25059009"]
[BlackFideId "4160258"]
[WhiteElo "2323"]
[BlackElo "2545"]
[Result "0-1"]
[Round "08"]
[TimeControl "180+2"]
[Date "2023.05.09"]
[WhiteClock "0:00:24"]
[BlackClock "0:00:07"]

1. e4 e5 2. Nc3 Nc6 3. Bc4 Nf6 4. d3 Bb4 5. Ne2 d5 6. exd5 Nxd5 7. O-O Be6 8. Bb3 Qd7 9. f4 f6 10. Kh1 O-O-O 11. a3 Be7 12. f5 Bf7 13. Ne4 g6 14. N2g3 Nd4 15. Bxd5 Bxd5 16. fxg6 f5 17. g7 Rhg8 18. Nc3 Bc6 19. Nh5 Qe6 20. Be3 Qg6 21. Rf2 Bh4 22. Rd2 Nf3 23. gxf3 Qxh5 24. Ne4 fxe4 25. fxe4 Qxd1+ 26. Raxd1 Rxg7 27. Rf1 Be7 28. Rg2 Rxg2 29. Kxg2 Rf8 30. Re1 Kd7 31. b4 b6 32. c4 Ke6 33. Kg3 Rd8 34. Rd1 Bxe4 35. d4 Rg8+ 36. Kf2 Bh4+ 37. Kf1 Rf8+ 38. Kg1 Bf3 39. Rd2 e4 40. d5+ Kf5 41. c5 Bg5 42. Kf2 Bh4+ 43. Kg1 Rd8 44. d6 cxd6 45. cxd6 Rd7 46. h3 Bg3 47. Rd5+ Ke6 48. Rg5 Bxd6 49. Kf2 Be5 50. Rg8 Rc7 51. Re8+ Kd6 52. Rd8+ Ke7 53. Rd2 Ke6 54. Bg5 Kf5 55. h4 Rc3 56. Rd5 Rd3 57. Rxd3 exd3 58. Kxf3 Bd4 59. Bd2 Ke5 60. a4 a6 61. b5 axb5 62. axb5 h5 63. Bh6 Kd5 64. Bd2 Kc4 65. Ke4 Bc5 66. Bf4 Bb4 67. Ke3 Kc3 68. Kf2 Kc2 69. Kf3 d2 70. Bxd2 Kxd2 71. Ke4 Kc3 72. Kf5 Kc4 73. Kg5 Be1 74. Kxh5 Kxb5 75. Kg4 Bxh4 76. Kxh4 Kc4 77. Kg3 Kd3 78. Kf2 Kd2 79. Kf3 b5 80. Ke4 b4 81. Kd4 b3 82. Kc4 b2 83. Kb3 b1=Q+ 84. Ka3 Qb5 85. Ka2 Kc2 86. Ka1 Qb6 87. Ka2 Qb7 88. Ka1 Qb8 89. Ka2 Qa8# 0-1


[Site "https://www.chess.com"]

[Event "Titled Tuesday Blitz May 9 Early 2023"]
[White "Lavrik, Dmitry"]
[Black "Costachi, Mihnea"]
[WhiteFideId "24113190"]
[BlackFideId "1217518"]
[WhiteElo "2345"]
[BlackElo "2456"]
[Result "0-1"]
[Round "08"]
[TimeControl "180+2"]
[Date "2023.05.09"]
[WhiteClock "0:00:05"]
[BlackClock "0:01:20"]

1. c4 Nf6 2. Nf3 g6 3. Nc3 Bg7 4. e4 O-O 5. d4 d6 6. Be2 Nbd7 7. O-O e5 8. Be3 Re8 9. d5 Ng4 10. Bg5 Bf6 11. Bd2 Be7 12. h3 Ngf6 13. b4 Nh5 14. Re1 Nf4 15. Bf1 Nf8 16. Kh2 Qd7 17. Qa4 c6 18. Rad1 g5 19. dxc6 bxc6 20. Nxe5 Qe6 21. Bxf4 dxe5 22. Be3 Ng6 23. g3 h5 24. Nd5 Bd8 25. c5 h4 26. Nb6 hxg3+ 27. fxg3 axb6 28. Qxa8 bxc5 29. bxc5 Be7 30. Qa4 Nf4 31. gxf4 exf4 32. Bf2 g4 33. hxg4 Kg7 34. Qb3 Rh8+ 35. Bh3 Qxb3 36. axb3 Bxg4 37. Rg1 Rxh3+ 38. Kg2 Kf6 39. Rde1 Rxb3 40. Bd4+ Ke6 41. Rb1 Rd3 42. Rb4 Rd2+ 43. Kf1 Bf3 44. Rg8 Bh4 45. Kg1 Rd1+ 46. Kh2 Rh1# 0-1


[Site "https://www.chess.com"]

[Event "Titled Tuesday Blitz May 9 Early 2023"]
[White "Djordjevic, Vuk"]
[Black "Mitrabha, Guha"]
[WhiteFideId "902098"]
[BlackFideId "5057000"]
[WhiteElo "2452"]
[BlackElo "2507"]
[Result "1/2-1/2"]
[Round "08"]
[TimeControl "180+2"]
[Date "2023.05.09"]
[WhiteClock "0:00:05"]
[BlackClock "0:00:26"]

1. d4 Nf6 2. Bg5 d5 3. Bxf6 gxf6 4. e3 c5 5. dxc5 Nc6 6. g3 e6 7. Bg2 Bxc5 8. Nf3 h5 9. O-O Be7 10. h4 f5 11. Nbd2 Bf6 12. Rb1 Ne7 13. c4 Bd7 14. cxd5 Nxd5 15. Nc4 Bc6 16. Nfe5 Kf8 17. Nxc6 bxc6 18. Qa4 Qc7 19. Rfc1 Kg7 20. Na5 Nxe3 21. Rxc6 Qe5 22. fxe3 Qxe3+ 23. Kh2 Be5 24. Qb3 Bxg3+ 25. Kh3 Qxb3 26. Nxb3 f4 27. Nd4 Rad8 28. Ne2 Rd3 29. Rc3 Rhd8 30. Nxg3 fxg3 31. Re1 Rxc3 32. bxc3 Rd3 33. c4 Rc3 34. Re5 Rxc4 35. Rg5+ Kf6 36. Rxh5 Ra4 37. Kxg3 Rxa2 38. Rg5 a5 39. Be4 a4 40. Ra5 a3 41. h5 Kg7 42. Kg4 Re2 43. Bf3 Ra2 44. Kg5 Ra1 45. h6+ Kh7 46. Be4+ f5 47. Ra7+ Kh8 48. Bf3 a2 49. Kf6 Rf1 50. Rxa2 Rxf3 51. Kxe6 Kh7 52. Rh2 f4 53. Kf5 Rf1 54. Kg4 f3 55. Kg3 Kh8 56. h7 f2 57. Kg2 Ra1 58. Kxf2 Ra2+ 59. Kg3 Rxh2 60. Kxh2 Kxh7 1/2-1/2


[Site "https://www.chess.com"]

[Event "Titled Tuesday Blitz May 9 Early 2023"]
[White "Quesada Perez, Yuniesky"]
[Black "Leiva, Gianmarco"]
[WhiteFideId "3504409"]
[BlackFideId "3804399"]
[WhiteElo "2585"]
[BlackElo "2365"]
[Result "1-0"]
[Round "08"]
[TimeControl "180+2"]
[Date "2023.05.09"]
[WhiteClock "0:00:07"]
[BlackClock "0:00:01"]

1. e4 c5 2. Nf3 d6 3. d4 cxd4 4. Nxd4 Nf6 5. Nc3 a6 6. Be3 e5 7. Nb3 Be7 8. Qd2 Be6 9. O-O-O Ng4 10. g3 Nxe3 11. Qxe3 Nd7 12. f4 Qb6 13. Qe1 Nf6 14. Kb1 O-O 15. f5 Bd7 16. Bc4 Rfc8 17. Nd5 Nxd5 18. Bxd5 a5 19. a3 a4 20. Nc1 Qa5 21. Qxa5 Rxa5 22. Bxb7 Rb8 23. Bd5 Bg5 24. Nd3 Bxf5 25. Bxf7+ Kxf7 26. Rhf1 g6 27. Nb4 Ke6 28. exf5+ gxf5 29. Nc6 Rab5 30. Nxb8 Rxb8 31. Rf2 e4 32. c3 d5 33. Kc2 Be3 34. Re2 Bh6 35. Rf1 Ke5 36. Ref2 Rf8 37. Rd1 Be3 38. Rg2 h5 39. b3 axb3+ 40. Kxb3 Rb8+ 41. Kc2 Ra8 42. Ra1 d4 43. cxd4+ Bxd4 44. Ra2 h4 45. a4 h3 46. Re2 f4 47. gxf4+ Kxf4 48. Ra3 Rc8+ 49. Kd2 e3+ 50. Kd3 Rd8 51. Raa2 Kf3 52. a5 Be5+ 53. Kc4 Bf4 54. a6 Rd2 55. a7 Rxe2 56. Rxe2 Kxe2 57. a8=Q Bxh2 58. Qh1 Bg3 59. Qxh3 Bf2 60. Qg4+ Kd2 61. Qd4+ Kc1 62. Kd3 e2 63. Qa1# 1-0


[Site "https://www.chess.com"]

[Event "Titled Tuesday Blitz May 9 Early 2023"]
[White "Sammed Jaykumar, Shete"]
[Black "Galchenko, Matvey"]
[WhiteFideId "5073421"]
[BlackFideId "24175480"]
[WhiteElo "2278"]
[BlackElo "2423"]
[Result "0-1"]
[Round "08"]
[TimeControl "180+2"]
[Date "2023.05.09"]
[WhiteClock "0:00:11"]
[BlackClock "0:00:09"]

1. c4 e6 2. Nf3 d5 3. e3 Nf6 4. Nc3 Be7 5. b3 dxc4 6. Bxc4 a6 7. Bb2 b5 8. Be2 Bb7 9. O-O c5 10. d4 Nbd7 11. dxc5 Bxc5 12. Rc1 O-O 13. Qc2 Qb6 14. Bd3 Rac8 15. Qe2 Bd6 16. h3 Rfd8 17. Rfd1 Bb8 18. Bb1 h6 19. Nd4 Ne5 20. f4 Ng6 21. Bxg6 fxg6 22. Qf2 e5 23. fxe5 Bxe5 24. Nce2 Ne4 25. Qh4 Bf6 26. Qg4 Bg5 27. Nf4 Nf6 28. Qe6+ Qxe6 29. Ndxe6 Rxc1 30. Rxc1 Rd2 31. Rc7 Bxf4 32. Rxg7+ Kh8 33. Bxf6 Bxe3+ 34. Kf1 Rf2+ 35. Ke1 Rxf6 36. Rxb7 Rxe6 37. Ke2 h5 38. Kf3 Bc5 39. g4 h4 40. Kf4 Be7 41. a4 bxa4 42. bxa4 Kg8 43. Ra7 Kf7 44. g5 Rc6 45. a5 Rc4+ 46. Ke5 Rc5+ 47. Kd4 Rxa5 0-1


[Site "https://www.chess.com"]

[Event "Titled Tuesday Blitz May 9 Early 2023"]
[White "Livaic, Leon"]
[Black "Kucuksari, Kaan"]
[WhiteFideId "14531534"]
[BlackFideId "6380166"]
[WhiteElo "2522"]
[BlackElo "2364"]
[Result "1-0"]
[Round "08"]
[TimeControl "180+2"]
[Date "2023.05.09"]
[WhiteClock "0:00:14"]
[BlackClock "0:00:04"]

1. d4 d5 2. c4 c6 3. cxd5 cxd5 4. Bf4 Nc6 5. e3 Nf6 6. Nc3 a6 7. Be2 Bf5 8. Nf3 e6 9. Qb3 Nh5 10. Qxb7 Na5 11. Qc7 Nxf4 12. Qxd8+ Rxd8 13. exf4 Rb8 14. O-O-O Bb4 15. Nh4 Bxc3 16. bxc3 Rb1+ 17. Kd2 Rb2+ 18. Ke3 O-O 19. Rd2 Rfb8 20. Nxf5 exf5 21. Rxb2 Rxb2 22. Bxa6 Rxa2 23. Bd3 g6 24. Rb1 Ra3 25. Rc1 Nb3 26. Rc2 Na1 27. Rc1 Nb3 28. Rb1 Na5 29. Rb5 Nc4+ 30. Bxc4 dxc4 31. Kd2 Ra2+ 32. Kd1 Ra1+ 33. Kc2 Rf1 34. Rc5 Rxf2+ 35. Kd1 Rxg2 36. Rxc4 Rxh2 37. d5 Kf8 38. d6 Ke8 39. Rc7 h5 40. c4 h4 41. c5 h3 42. c6 Kf8 43. d7 1-0


[Site "https://www.chess.com"]

[Event "Titled Tuesday Blitz May 9 Early 2023"]
[White "Simonian, Hrair"]
[Black "Grigoriants, Sergey"]
[WhiteFideId "13302337"]
[BlackFideId "4130804"]
[WhiteElo "2447"]
[BlackElo "2502"]
[Result "1-0"]
[Round "08"]
[TimeControl "180+2"]
[Date "2023.05.09"]
[WhiteClock "0:00:28"]
[BlackClock "0:00:03"]

1. e4 c5 2. Nc3 e6 3. Nf3 Nc6 4. Bb5 Nge7 5. O-O Nd4 6. Nxd4 cxd4 7. Ne2 Nc6 8. d3 Be7 9. Ng3 O-O 10. f4 a6 11. Bc4 Na5 12. f5 Nxc4 13. dxc4 e5 14. Qg4 f6 15. Nh5 Rf7 16. Rf3 Bf8 17. Rh3 b5 18. c5 d5 19. cxd6 Qxd6 20. Qh4 Rc7 21. Bh6 Raa7 22. Rg3 Kh8 23. Qg4 Qe7 24. Bd2 Rxc2 25. Qd1 Rc6 26. a3 Qf7 27. Bb4 Rac7 28. Bxf8 Qxf8 29. h4 Bb7 30. Qg4 Rc2 31. Kh2 Re2 32. Qxe2 Qc8 33. Qg4 Qf8 34. Rd1 a5 35. Rd2 a4 36. Qe2 Rc4 37. Rc2 Qc8 38. Rxc4 bxc4 39. Nxg7 1-0


[Site "https://www.chess.com"]

[Event "Titled Tuesday Blitz May 9 Early 2023"]
[White "Salinas Herrera, Pablo"]
[Black "Domingo Nunez, Ruben"]
[WhiteFideId "3407128"]
[BlackFideId "22245570"]
[WhiteElo "2546"]
[BlackElo "2404"]
[Result "0-1"]
[Round "08"]
[TimeControl "180+2"]
[Date "2023.05.09"]
[WhiteClock "0:00:00"]
[BlackClock "0:00:07"]

1. e4 Nc6 2. Nf3 d5 3. exd5 Qxd5 4. Nc3 Qa5 5. Bc4 Nf6 6. d3 Bg4 7. h3 Qh5 8. Bb5 e6 9. Bf4 Bb4 10. Bxc6+ bxc6 11. Qe2 Nd5 12. Bd2 Bxf3 13. Qxf3 Qxf3 14. gxf3 Kd7 15. Na4 Bd6 16. c4 Nf4 17. Bxf4 Bxf4 18. d4 Rab8 19. b3 Ke7 20. Rd1 Rhd8 21. Ke2 g6 22. Rd3 Bd6 23. Rhd1 Bb4 24. Re3 Rd7 25. f4 Rbd8 26. Red3 Kf6 27. Kf3 Kf5 28. Ke3 Bd6 29. Nc3 Bxf4+ 30. Ke2 e5 31. d5 e4 32. Rd4 Be5 33. Nxe4 Bxd4 34. Rxd4 cxd5 35. Nc5 Re7+ 36. Kf3 c6 37. Rf4+ Ke5 38. Nd3+ Kd6 39. c5+ Kd7 40. Rf6 Kc7 41. Kf4 d4 42. Kf3 Rd5 43. Kg3 Rf5 44. Rd6 Rd5 45. Rf6 a5 46. Rf4 f5 47. Kg2 Re4 48. Rf3 g5 49. Kf1 f4 50. h4 h6 51. hxg5 hxg5 52. Rh3 Re7 53. Rh6 g4 54. Nxf4 Rde5 55. Nd3 Rf5 56. Rg6 Re3 57. Nb2 g3 58. Rg7+ Kd8 59. Nc4 Rxf2+ 0-1


[Site "https://www.chess.com"]

[Event "Titled Tuesday Blitz May 9 Early 2023"]
[White "Gharibyan, Mamikon"]
[Black "MKlose11"]
[WhiteFideId "13308300"]
[WhiteElo "2445"]
[BlackElo "2595"]
[Result "0-1"]
[Round "08"]
[TimeControl "180+2"]
[Date "2023.05.09"]
[WhiteClock "0:00:00"]
[BlackClock "0:00:04"]

1. d4 Nf6 2. c4 c5 3. d5 b5 4. cxb5 a6 5. e3 g6 6. Nc3 Bg7 7. a4 O-O 8. Nf3 d6 9. Ra3 Ne8 10. h3 Nd7 11. Be2 axb5 12. Bxb5 Nc7 13. Bc6 Rb8 14. O-O Bb7 15. Bxb7 Rxb7 16. e4 Qa8 17. Re1 Rfb8 18. Qc2 Qa6 19. g3 Ne5 20. Nxe5 Bxe5 21. Kg2 Qc4 22. h4 Rb3 23. Rxb3 Qxb3 24. Qd3 Rb4 25. h5 Rxa4 26. Bg5 f6 27. Bh6 Ra8 28. hxg6 hxg6 29. Qf3 Kf7 30. Be3 Rh8 31. Bc1 Qc2 32. Ne2 Bxb2 33. Bxb2 Qxb2 34. Nf4 Qe5 35. Rb1 Qg5 36. Rb7 Qh6 37. Kf1 Na6 38. Ra7 Nb4 39. Ne6 Qc1+ 40. Ke2 Qc2+ 41. Kf1 Qc1+ 42. Ke2 Rh1 43. Ng5+ Kf8 44. Ne6+ Kf7 45. Ng5+ Kf8 46. Ne6+ Kg8 0-1


[Site "https://www.chess.com"]

[Event "Titled Tuesday Blitz May 9 Early 2023"]
[White "Sousa, Andre Ventura"]
[Black "Mekhitarian, Krikor Sevag"]
[WhiteFideId "1917617"]
[BlackFideId "2107660"]
[WhiteElo "2333"]
[BlackElo "2604"]
[Result "0-1"]
[Round "08"]
[TimeControl "180+2"]
[Date "2023.05.09"]
[WhiteClock "0:00:45"]
[BlackClock "0:00:33"]

1. e4 e6 2. d4 d5 3. e5 c5 4. c3 Nc6 5. Nf3 Bd7 6. Bd3 cxd4 7. O-O dxc3 8. Nxc3 Nge7 9. Bg5 a6 10. Re1 h6 11. Bd2 Ng6 12. Bxg6 fxg6 13. Nxd5 exd5 14. e6 Bc8 15. Qc2 Qf6 16. Bc3 Qf5 17. Qb3 Bc5 18. Bxg7 Rh7 19. Rac1 Bxf2+ 20. Kxf2 Rxg7 21. Rc5 Re7 22. Rxd5 Bxe6 23. Rxf5 Bxb3 24. Rf6 Rxe1 25. Kxe1 Bf7 26. g4 Ke7 27. Rf4 Rd8 28. h4 Bd5 29. Nd2 Rf8 30. Ra4 Kd6 31. b3 Ne5 32. g5 hxg5 33. hxg5 Nf3+ 34. Nxf3 Rxf3 35. Rb4 Rg3 36. Rb6+ Bc6 37. Rb4 Rxg5 38. Rh4 Re5+ 39. Kd2 g5 40. Rh6+ Re6 41. Rh3 Rg6 42. Rg3 g4 43. a4 Bf3 44. Ke3 Ke5 45. Rg1 Rb6 46. a5 Rxb3+ 47. Kf2 Kf4 48. Rc1 Rb2+ 49. Kg1 Kg3 50. Re1 Rg2+ 51. Kf1 Rh2 52. Re2 Rh1# 0-1


[Site "https://www.chess.com"]

[Event "Titled Tuesday Blitz May 9 Early 2023"]
[White "Horak, Martin"]
[Black "Ohanyan, Emin"]
[WhiteFideId "367095"]
[BlackFideId "13312022"]
[WhiteElo "2091"]
[BlackElo "2411"]
[Result "0-1"]
[Round "08"]
[TimeControl "180+2"]
[Date "2023.05.09"]
[WhiteClock "0:00:15"]
[BlackClock "0:00:20"]

1. e4 e5 2. f4 d5 3. exd5 exf4 4. Nf3 Nf6 5. Bb5+ Nbd7 6. O-O Be7 7. d4 Nxd5 8. c4 Ne3 9. Bxe3 fxe3 10. Qd3 c6 11. Ba4 Nc5 12. Qc2 Nxa4 13. Qxa4 O-O 14. Qb3 Bg4 15. Qxe3 Bxf3 16. gxf3 Bf6 17. Kh1 Bxd4 18. Qd2 Qf6 19. Nc3 Bxc3 20. Qxc3 Qxc3 21. bxc3 Rfd8 22. Rab1 Rd7 23. Rfd1 Rad8 24. Re1 c5 25. Re5 b6 26. a4 f6 27. Re2 Kf7 28. a5 Rd1+ 29. Rxd1 Rxd1+ 30. Kg2 Rc1 31. axb6 axb6 32. Rb2 Rxc3 33. Rxb6 Rxc4 34. Rc6 g5 35. h4 Rxh4 36. Rxc5 Kg6 37. Rc8 h5 38. Rg8+ Kf5 39. Rc8 Ra4 40. Rc5+ Kg6 41. Rc8 h4 42. Rg8+ Kf5 43. Kh3 Ra3 44. Kg2 Ra2+ 45. Kh3 Rf2 46. f4 Rxf4 47. Rb8 Rf3+ 48. Kg2 Ra3 49. Kh2 Kg4 50. Kg2 f5 0-1


[Site "https://www.chess.com"]

[Event "Titled Tuesday Blitz May 9 Early 2023"]
[White "Peng, Li Min"]
[Black "Ljukin, Sergei"]
[WhiteFideId "14112620"]
[BlackFideId "14102200"]
[WhiteElo "2436"]
[BlackElo "2312"]
[Result "1-0"]
[Round "08"]
[TimeControl "180+2"]
[Date "2023.05.09"]
[WhiteClock "0:00:54"]
[BlackClock "0:00:00"]

1. d4 d5 2. c4 c6 3. Nf3 Nf6 4. e3 e6 5. Nbd2 c5 6. cxd5 exd5 7. Bb5+ Nc6 8. O-O Be7 9. dxc5 Bxc5 10. Nb3 Bb6 11. Nbd4 Bd7 12. Be2 O-O 13. b3 Nxd4 14. Nxd4 Ne4 15. Bb2 Rc8 16. Nf3 Be6 17. Rc1 Ba5 18. Rxc8 Qxc8 19. Qa1 Bc3 20. Rc1 Bxb2 21. Qxb2 Qd7 22. Nd4 Rc8 23. f3 Rxc1+ 24. Qxc1 Nf6 25. a4 Ne8 26. Bb5 Qc7 27. Qd2 Nd6 28. Bd3 g6 29. g4 Qc5 30. h4 a5 31. h5 Kg7 32. Qh2 Qc1+ 33. Kf2 Qd2+ 34. Be2 Qb4 35. h6+ Kf8 36. Qe5 Ne8 37. Nxe6+ fxe6 38. Qh8+ 1-0


[Site "https://www.chess.com"]

[Event "Titled Tuesday Blitz May 9 Early 2023"]
[White "Nissinen, Niilo Man"]
[Black "Averjanov, Alexey"]
[WhiteFideId "30950767"]
[BlackFideId "14109867"]
[WhiteElo "1952"]
[BlackElo "2716"]
[Result "0-1"]
[Round "08"]
[TimeControl "180+2"]
[Date "2023.05.09"]
[WhiteClock "0:00:03"]
[BlackClock "0:01:33"]

1. e4 c6 2. d4 d5 3. Nc3 dxe4 4. Nxe4 Bf5 5. Ng3 Bg6 6. h4 h6 7. Nf3 Nd7 8. h5 Bh7 9. Bd3 Bxd3 10. Qxd3 e6 11. Bd2 Ngf6 12. O-O-O Be7 13. Ne4 Nxe4 14. Qxe4 Nf6 15. Qd3 Qd5 16. Kb1 O-O 17. c4 Qe4 18. Qxe4 Nxe4 19. Be3 f5 20. Rhf1 Rad8 21. Ne5 Rfe8 22. g4 fxg4 23. Nxg4 Nf6 24. Rg1 Nxg4 25. Rxg4 Kf7 26. Rdg1 Bf6 27. d5 exd5 28. cxd5 Rxd5 29. Bxa7 Rxh5 30. Rb4 b5 31. Rc1 Re6 32. a4 bxa4 33. Rxa4 Rb5 34. Rc2 h5 35. Bd4 g5 36. Bxf6 Kxf6 37. Rac4 Rb6 38. f4 g4 39. Rc5 Rb5 40. Rxb5 cxb5 41. Rc5 h4 42. Rg5 g3 43. Rg4 Re1+ 44. Kc2 h3 45. Kd2 h2 46. Kxe1 h1=Q+ 47. Ke2 g2 48. Kf2 Qf1+ 0-1


[Site "https://www.chess.com"]

[Event "Titled Tuesday Blitz May 9 Early 2023"]
[White "Ibarra Jerez, Jose Carlos"]
[Black "Kohler, Aran"]
[WhiteFideId "2226332"]
[BlackFideId "1002856"]
[WhiteElo "2638"]
[BlackElo "2388"]
[Result "1-0"]
[Round "08"]
[TimeControl "180+2"]
[Date "2023.05.09"]
[WhiteClock "0:02:24"]
[BlackClock "0:01:10"]

1. e4 c6 2. Nf3 g6 3. d4 Bg7 4. Nc3 d6 5. Be3 Nd7 6. Qd2 Qc7 7. Bd3 e5 8. O-O Ne7 9. Bh6 O-O 10. Rad1 Re8 11. Bxg7 Kxg7 12. Ne2 f6 13. Ng3 exd4 14. Nxd4 Ne5 15. f4 Nxd3 16. Qxd3 Bg4 17. Rde1 Bd7 18. Rd1 Rad8 19. Qc3 d5 20. e5 fxe5 21. fxe5 c5 22. e6 Qb6 23. Ndf5+ 1-0


[Site "https://www.chess.com"]

[Event "Titled Tuesday Blitz May 9 Early 2023"]
[White "Piesik, Piotr"]
[Black "Andreikin, Dmitry"]
[WhiteFideId "1136194"]
[BlackFideId "4158814"]
[WhiteElo "2299"]
[BlackElo "2736"]
[Result "0-1"]
[Round "08"]
[TimeControl "180+2"]
[Date "2023.05.09"]
[WhiteClock "0:00:16"]
[BlackClock "0:00:15"]

1. Nf3 Nf6 2. g3 d5 3. Bg2 c6 4. O-O Bg4 5. d3 Nbd7 6. Nbd2 e6 7. e4 Be7 8. h3 Bh5 9. Qe1 Bg6 10. Nh4 Qb6 11. Nxg6 hxg6 12. Nb3 a5 13. Be3 Qc7 14. a4 O-O 15. f4 dxe4 16. dxe4 e5 17. f5 gxf5 18. Rxf5 g6 19. Rf2 b5 20. Kh2 Kg7 21. Bf3 Rh8 22. Kg2 Nb6 23. axb5 cxb5 24. Rxa5 Nc4 25. Rxa8 Nxe3+ 26. Qxe3 Rxa8 27. Rd2 b4 28. Be2 Ra2 29. Bd3 Rxb2 30. g4 Qc3 31. Rf2 Rxb3 32. cxb3 Bc5 33. Qd2 Qd4 34. g5 Nh5 35. Rf1 Nf4+ 36. Rxf4 exf4 37. Kf3 Bd6 38. Qe2 Qg1 39. Qf2 Qd1+ 40. Be2 Qxb3+ 41. Kg4 Be5 42. Kh4 Qc3 43. Qf3 Qe1+ 44. Kg4 Qg1+ 45. Kh4 Bd4 0-1


[Site "https://www.chess.com"]

[Event "Titled Tuesday Blitz May 9 Early 2023"]
[White "Remizov, Yaroslav"]
[Black "Kleiman, Jake"]
[WhiteFideId "34134015"]
[BlackFideId "2020041"]
[WhiteElo "2400"]
[BlackElo "2600"]
[Result "1-0"]
[Round "08"]
[TimeControl "180+2"]
[Date "2023.05.09"]
[WhiteClock "0:00:35"]
[BlackClock "0:00:08"]

1. e4 e5 2. Nf3 Nc6 3. Nc3 Nf6 4. Be2 Bb4 5. Nd5 Bd6 6. O-O O-O 7. d4 Nxd5 8. exd5 Nxd4 9. Nxd4 exd4 10. Qxd4 Re8 11. Re1 Be5 12. Qa4 d6 13. Be3 a6 14. c3 Bf5 15. Rad1 Qd7 16. Qxd7 Bxd7 17. h3 h6 18. Bd4 Bxd4 19. Rxd4 Re7 20. f3 Rae8 21. Kf2 Bb5 22. Bxb5 Rxe1 23. Bxe8 Rxe8 24. a4 a5 25. b4 Ra8 26. b5 b6 27. Rc4 Rc8 28. f4 Kf8 29. Kf3 Ke7 30. Kg4 Kd7 31. Re4 g6 32. f5 Rg8 33. Re2 gxf5+ 34. Kxf5 Rg5+ 35. Kf6 Rxd5 36. Kxf7 Rc5 37. Kg6 h5 38. h4 c6 39. bxc6+ Kxc6 40. g4 hxg4 41. h5 Rxc3 42. h6 Rh3 43. h7 b5 44. Rc2+ Kb6 45. axb5 Kxb5 46. Rd2 a4 47. Rd5+ Kc6 48. Rh5 1-0


[Site "https://www.chess.com"]